 Dungeon Crawl Stone Soup version 0.16-a0-3533-gc382f62 (webtiles) character file.

183980 MackTheKnife the Bludgeoner (level 19, -4/146 HPs)
             Began as a Formicid Abyssal Knight on Jan 8, 2015.
             Was the Champion of Lugonu.
             Killed from afar by an Ice Fiend (48 damage)
             ... with a bolt of cold
             ... summoned by a deep elf demonologist
             ... on level 3 of the Elven Halls.
             The game lasted 01:51:30 (40302 turns).

MackTheKnife the Bludgeoner (FoAK)                 Turns: 40302, Time: 01:51:30

Health: -4/146     AC: 22    Str: 22    XL:     19   Next: 9%
Magic:  35/35      EV: 19    Int: 12    God:    Lugonu [******]
Gold:   2714       SH: 16    Dex: 19    Spells: 2 memorised, 20 levels left

rFire  . . .     SeeInvis +     L - +3 eveningstar (flame)
rCold  . . .     Clarity  .     w - +2 scale mail {MR+}
rNeg   . . .     SustAb   .     M - +1 shield {reflect}
rPois  .         Gourm    .     (helmet unavailable)
rElec  .         Spirit   .     n - +2 cloak
rCorr  .         Warding  .     u - +2 pair of gloves {Str+3}
rMut   .         Stasis   +     a - +1 pair of boots
MR     +++..                    Q - amulet of regeneration
Stlth  ..........               q - ring of protection from magic
                                T - +3 ring of dexterity

@: repel missiles, extremely resistant to hostile enchantments, extremely
unstealthy
A: permanent stasis, dig shafts and tunnels, four strong arms, antennae 3, fangs
1, slimy green scales 1, spit poison 1
a: Dig, Shaft Self, Spit Poison, Depart the Abyss, Bend Space, Banish, Corrupt,
Enter the Abyss, Renounce Religion


You were on level 3 of the Elven Halls.
You worshipped Lugonu.
Lugonu was exalted by your worship.
You were not hungry.

You visited 5 branches of the dungeon, and saw 32 of its levels.
You visited the Abyss 1 time.
You also visited: Bailey.

You collected 3019 gold pieces.
You spent 305 gold pieces at shops.


Innate Abilities, Weirdness & Mutations

You are under a permanent stasis effect.
You can dig through walls and to a lower floor.
Your four strong arms can wield two-handed weapons with a shield.
You have a pair of large antennae on your head (SInv).
You have very sharp teeth.
You are partially covered in slimy green scales (AC +2).
You can spit poison.


   Skills:
 - Level 12.1 Fighting
 + Level 9.5(13.5) Axes
 - Level 15.4(16.3) Maces & Flails
 - Level 12.0 Armour
 - Level 11.2 Dodging
 - Level 15.0 Shields
 - Level 3.4 Spellcasting
 - Level 4.8 Charms
 - Level 4.0 Air Magic
 - Level 13.0 Invocations
 - Level 8.0 Evocations


You had 20 spell levels left.
You knew the following spells:

 Your Spells              Type           Power        Failure   Level  Hunger
d - Repel Missiles        Chrm/Air       ##....       10%         2    ##.....
s - Swiftness             Chrm/Air       ##......     10%         2    ##.....

Inventory:

Hand weapons
 b - a +7 blowgun
 B - a +2 executioner's axe of pain
 L - a +3 eveningstar of flaming (weapon)
Missiles
 r - 14 javelins (quivered)
 y - 8 curare-tipped needles
Armour
 a - a +1 pair of boots (worn)
 n - a +2 cloak (worn)
 u - a +2 pair of gloves of strength (worn)
 w - a +2 scale mail of magic resistance (worn)
 M - a +1 shield of reflection (worn)
Jewellery
 q - a ring of protection from magic (right hand)
 D - an uncursed amulet of resist mutation
 P - an uncursed ring of protection from cold
 Q - an amulet of regeneration (around neck)
 T - a +3 ring of dexterity (left hand)
Magical devices
 v - a wand of disintegration (5)
 H - a wand of confusion (27)
 I - a wand of fireball (2)
 N - a wand of paralysis (7)
 V - a wand of invisibility (3)
Scrolls
 e - 6 scrolls of magic mapping
 f - a scroll of silence
 j - 5 scrolls of fear
 l - 4 scrolls of recharging
 m - a scroll of vulnerability {!r}
 o - 6 scrolls of remove curse
 p - 7 scrolls of fog
 A - 7 scrolls of enchant armour
 K - 4 scrolls of enchant weapon
 X - 3 scrolls of identify
Potions
 d - 8 potions of brilliance
 g - 7 potions of heal wounds
 k - 4 potions of agility
 s - 2 potions of cancellation
 x - 2 potions of ambrosia {!q!e}
 E - 18 potions of curing
 F - 2 potions of flight
 W - 3 potions of restore abilities
Miscellaneous
 R - a lamp of fire
 Z - a phial of floods
Comestibles
 c - 2 chunks of flesh {@*1}
 i - 6 meat rations
 t - 5 fruits
 C - a bread ration

#...# ##### # #...# #...#
##### ###...###
#.......###
#####.......'..
#...........###
#.#####.<.### ####.#
#...# #a#{.# ##### ***
##1#{# *** *,*** ###{#
***,* *,,,*** #.# ***,,,*
*,,,,,*** #{# ***,,,,,*
*,*,,,{,***#.#***,,,,,*,*
*,***,,,,,*#.#*,,,,,*,*,*
*,,,***,,,,..e,,,,****,,*
*,,,,***,,,.?.,,,,**,,,,*


You could see an Ice Fiend.


Message History

Eat one of 3 chunks of flesh {@*1}? (ye/n/q/i?)
A deep elf demonologist and a deep elf annihilator come into view.
The deep elf demonologist shouts!
The deep elf annihilator shouts!
The deep elf demonologist mumbles some strange words.
A deep elf high priest comes into view. It is wielding a short sword.
Unknown command.
Items here: (( ))))))))) [[[[[[ ††††
Things that are here:
5 arrows; a poisoned arrow You hit the Ice Fiend but do no damage.
You impale the Ice Fiend!! You burn the Ice Fiend.
The Ice Fiend is moderately wounded.
The Ice Fiend claws you! The Ice Fiend freezes you!!!
You block the Ice Fiend's attack.
You hit the Ice Fiend but do no damage.
You bite the Ice Fiend, but do no damage.
The Ice Fiend is moderately wounded.
The Ice Fiend claws you but does no damage. x2
You puncture the Ice Fiend! You burn the Ice Fiend!
The Ice Fiend is heavily wounded.
You hit the Ice Fiend. You burn the Ice Fiend.
The Ice Fiend is heavily wounded.
The Ice Fiend calls on the powers of darkness!
Your body is wracked with pain!
* * * LOW HITPOINT WARNING * * *
You sock the Ice Fiend! You burn the Ice Fiend.
The Ice Fiend is heavily wounded.
The Ice Fiend gestures at you. The bolt of cold hits you!
You die...

Action                   |  1- 3 |  4- 6 |  7- 9 | 10-12 | 13-15 | 16-18 | 19-21 || total
-------------------------+-------+-------+-------+-------+-------+-------+-------++-------
Melee: Hand axe          |   125 |   243 |       |       |       |       |       ||   368
       Whip              |       |    26 |   391 |  1178 |  2491 |       |       ||  4086
       Eveningstar       |       |       |       |       |   130 |  1728 |    23 ||  1881
 Fire: Blowgun           |       |       |       |     5 |       |       |       ||     5
Throw: Stone             |       |     1 |       |     3 |       |     2 |       ||     6
       Javelin           |       |       |       |       |       |     2 |       ||     2
 Cast: Repel Missiles    |       |       |       |       |       |     4 |       ||     4
       Swiftness         |       |       |       |       |       |     1 |       ||     1
Invok: Depart the Abyss  |     1 |       |       |       |       |       |       ||     1
       Banish            |       |       |       |     4 |    18 |    23 |       ||    45
       Corrupt           |       |       |       |       |     1 |       |       ||     1
       Bend Space        |       |       |       |       |       |     1 |       ||     1
 Abil: Dig               |       |       |       |     3 |    28 |    20 |       ||    51
       Spit Poison       |       |       |       |     2 |       |       |       ||     2
       Shaft Self        |       |       |       |       |     1 |       |       ||     1
Evoke: Wand              |       |     5 |       |     1 |    12 |     5 |     1 ||    24
       Lamp of fire      |       |       |       |       |     1 |     2 |       ||     3
       Phial of floods   |       |       |       |       |       |     1 |       ||     1
  Use: Scroll            |     6 |     4 |     3 |    13 |     9 |     8 |       ||    43
       Potion            |     1 |     2 |       |     2 |     5 |     6 |       ||    16
 Stab: Invisible         |       |       |       |       |    18 |     8 |       ||    26
       Petrified         |       |       |       |       |     7 |       |       ||     7
       Petrifying        |       |       |       |       |     1 |       |       ||     1
  Eat: Chunk             |     1 |     8 |    10 |    15 |    39 |    27 |     1 ||   101
       Bread ration      |       |       |     1 |     2 |     1 |       |       ||     4
       Pizza             |       |       |     1 |       |       |       |       ||     1
       Meat ration       |       |       |       |       |     4 |     5 |       ||     9
       Beef jerky        |       |       |       |       |       |     5 |       ||     5
       Fruit             |       |       |       |       |       |     3 |       ||     3
       Royal jelly       |       |       |       |       |       |     1 |       ||     1

Vault maps used:
D:1:      minmay_arrival_wavy_path
D:2:      gammafunk_temple_overflow_forgotten, serial_forest,
          infiniplex_forest_clump_small, infiniplex_forest_clump_curved,
          infiniplex_forest_corner_2, infiniplex_forest_straight_3,
          infiniplex_forest_lined_room_3, uniq_iyjb
D:3:      minmay_misc_feat_x
D:4:      first_bread
D:5:      grunt_ministairs_2, led_sif_pool, uniq_natasha
D:6:      minmay_temple_entry_butterflies
D:8:      uniq_maurice, uniq_pikel
D:9:      grunt_lair_entry_elf_guard_hut, uniq_gastronok
D:10:     orc_0_dummy, enter_bailey_8, basic_altar, uniq_sonja
D:11:     billiards_dpeg, uniq_urug
D:12:     grunt_livestock, nicolae_ru_awakened_eye
D:13:     slaughterhouse
D:14:     david_vaults_3, minmay_misc_feat_rugged, serial_shops,
          nicolae_shop_stone, uniq_frances, uniq_kirke, uniq_josephine
D:15:     gammafunk_enter_depths_forms, serial_shops,
          nicolae_shop_overgrown_old_shop, minmay_misc_feat_tiny,
          nicolae_elemental_shop
Lair:1:   minmay_lair_venomous_thicket, columned_hall_lemuel
Lair:2:   grunt_megastairs_3, infiniplex_staircase_pool
Lair:3:   hibernation_bobbens, grunt_megastairs_4, serial_bayou_shore_a
Lair:4:   spider_nest_entry_funnel_web, grunt_megastairs_2
Lair:5:   swamp_mist, uniq_erica
Lair:7:   minmay_lair_oklob_tunnel, minmay_slime_entry_oklob_open
Lair:8:   evilmike_catoblepas_cave, uniq_harold
Swamp:1:  evilmike_swamp_ruin_wall, swamp_pool2
Swamp:2:  serial_swamp_ruin, evilmike_swamp_ruin_rubble_1,
          evilmike_swamp_ruin_house_1, evilmike_swamp_ruin_house_2
Orc:1:    mines3_lemuel, uniq_blork_the_orc, uniq_eustachio, uniq_snorg
Orc:2:    nicolae_orc_bridge_out, nicolae_orc_damp_corner,
          nicolae_orc_tapped_out
Orc:3:    nicolae_orc_pool_cavern, minmay_orc_temple_a, uniq_joseph
Orc:4:    basic_altar, st_orc_rangers, minmay_orc_temple_b, uniq_donald,
          uniq_nergalle
Elf:1:    eino_elf_arrival_altar, minmay_elf_necromancy
Elf:2:    basic_altar, minivault_25, basic_stair_grate_trap, uniq_azrael,
          uniq_louise, uniq_jorgrun
Elf:3:    elf_hall
Bailey:   bailey_axe_minmay_hex_keep, bailey

Notes
Turn   | Place    | Note
--------------------------------------------------------------
     0 | Abyss:1  | MackTheKnife, the Formicid Abyssal Knight, began the quest for the Orb.
     0 | Abyss:1  | Reached XP level 1. HP: 18/18 MP: 1/1
   169 | Abyss:1  | Noticed an angel
   170 | D:1      | Escaped the Abyss
   412 | D:1      | Acquired Lugonu's first power
   490 | D:1      | Reached XP level 2. HP: 24/24 MP: 3/3
   563 | D:1      | Gained mutation: You are partially covered in slimy green scales (AC +2). [potion of beneficial mutation]
   715 | D:1      | Reached skill level 3 in Axes
   951 | D:1      | Reached XP level 3. HP: 29/29 MP: 5/5
  1149 | D:2      | Noticed Ijyb
  1214 | D:2      | Found a white marble altar of Elyvilon.
  1214 | D:2      | Found a deep blue altar of Sif Muna.
  1216 | D:2      | Found a sparkling altar of Nemelex Xobeh.
  1381 | D:2      | Reached skill level 4 in Axes
  1381 | D:2      | Reached XP level 4. HP: 35/35 MP: 6/6
  1409 | D:2      | Killed Ijyb
  1444 | D:2      | Acquired Lugonu's second power
  1657 | D:2      | Reached XP level 5. HP: 38/41 MP: 8/8
  2144 | D:3      | Reached skill level 5 in Axes
  3160 | D:3      | Reached XP level 6. HP: 41/47 MP: 10/10
  3293 | D:4      | Acquired Lugonu's third power
  3293 | D:4      | Reached skill level 6 in Axes
  3555 | D:4      | Noticed a water moccasin
  3564 | D:4      | Killed a water moccasin
  3564 | D:4      | Reached skill level 2 in Maces & Flails
  3564 | D:4      | Reached XP level 7. HP: 52/52 MP: 11/11
  3706 | D:4      | Reached skill level 3 in Maces & Flails
  3716 | D:4      | Reached skill level 4 in Maces & Flails
  4017 | D:4      | Reached skill level 5 in Maces & Flails
  4017 | D:4      | Reached XP level 8. HP: 51/58 MP: 13/13
  4018 | D:4      | Acquired Lugonu's fourth power
  4040 | D:4      | Noticed a sky beast
  4060 | D:4      | Killed a sky beast
  4360 | D:4      | Reached skill level 6 in Maces & Flails
  4494 | D:5      | Entered Level 5 of the Dungeon
  4659 | D:5      | Noticed EdwardR's ghost (average MiFi)
  4857 | D:5      | Reached skill level 7 in Maces & Flails
  5002 | D:5      | Killed EdwardR's ghost
  5002 | D:5      | Reached skill level 8 in Maces & Flails
  5002 | D:5      | Reached XP level 9. HP: 27/64 MP: 15/15
  5257 | D:5      | Found a deep blue altar of Sif Muna.
  5436 | D:5      | Noticed Natasha
  5440 | D:5      | Killed Natasha
  5801 | D:6      | Reached skill level 9 in Maces & Flails
  6271 | D:6      | Reached skill level 10 in Maces & Flails
  6381 | D:6      | Found a staircase to the Ecumenical Temple.
  7065 | D:7      | Acquired Lugonu's fifth power
  7602 | D:7      | Reached skill level 11 in Maces & Flails
  7602 | D:7      | Reached XP level 10. HP: 63/70 MP: 16/16
  7749 | D:7      | Reached skill level 4 in Fighting
  7980 | D:8      | Noticed Pikel
  8047 | D:8      | Noticed Maurice
  8064 | D:8      | Reached skill level 5 in Fighting
  8082 | D:8      | Killed Maurice
  8082 | D:8      | Reached skill level 6 in Fighting
  8088 | D:8      | Reached skill level 7 in Fighting
  8342 | D:8      | Killed Pikel
  8342 | D:8      | Reached skill level 8 in Fighting
  8501 | D:8      | Reached skill level 9 in Fighting
  8843 | D:8      | Reached skill level 3 in Armour
  9009 | D:9      | Noticed EdwardR's ghost (experienced MiFi)
  9075 | D:9      | Reached skill level 4 in Armour
  9084 | D:9      | Reached skill level 5 in Armour
  9084 | D:9      | Reached XP level 11. HP: 71/89 MP: 18/18
  9108 | D:9      | Reached skill level 6 in Armour
  9169 | D:9      | Killed EdwardR's ghost
  9169 | D:9      | Reached skill level 7 in Armour
  9447 | D:9      | Noticed Gastronok
  9470 | D:9      | Killed Gastronok
  9470 | D:9      | Reached skill level 9 in Armour
  9753 | D:9      | Reached skill level 1 in Dodging
  9881 | D:9      | Reached skill level 2 in Dodging
 10175 | D:9      | Reached skill level 3 in Dodging
 10221 | D:9      | Found a staircase to the Lair.
 10654 | D:10     | Entered Level 10 of the Dungeon
 10654 | D:10     | Found a staircase to the Orcish Mines.
 10689 | D:10     | Found a flagged portal.
 10701 | Bailey   | Entered a bailey
 11058 | Bailey   | Reached skill level 3 in Invocations
 11315 | Bailey   | Noticed an orc knight
 11333 | Bailey   | Killed an orc knight
 11333 | Bailey   | Reached skill level 4 in Invocations
 11367 | Bailey   | Noticed an orc warlord
 11554 | Bailey   | Banished an orc warlord
 11554 | Bailey   | Reached skill level 5 in Invocations
 11555 | Bailey   | Noticed an orc knight
 11584 | Bailey   | Banished an orc knight
 11584 | Bailey   | Reached skill level 6 in Invocations
 11797 | Bailey   | Reached XP level 12. HP: 80/95 MP: 24/24
 11826 | Bailey   | Gained mutation: You have very sharp teeth. [potion of beneficial mutation]
 11827 | Bailey   | Gained mutation: You can spit poison. [potion of beneficial mutation]
 11913 | D:10     | Noticed a hill giant
 11935 | D:10     | Killed a hill giant
 11935 | D:10     | Reached skill level 7 in Invocations
 12050 | D:10     | Noticed Sonja
 12057 | D:10     | Killed Sonja
 12224 | D:10     | Found a sacrificial altar of Ru.
 12224 | D:10     | Noticed an unseen horror
 12232 | D:10     | Killed an unseen horror
 12232 | D:10     | Reached skill level 8 in Invocations
 12419 | D:10     | Reached skill level 9 in Invocations
 12725 | D:11     | Reached skill level 10 in Invocations
 12883 | Lair:1   | Entered Level 1 of the Lair of Beasts
 12919 | Lair:1   | Reached skill level 1 in Evocations
 12948 | Lair:1   | Reached skill level 2 in Evocations
 13012 | Lair:1   | Noticed a six-headed hydra
 13014 | Lair:1   | Banished a six-headed hydra
 13014 | Lair:1   | Reached skill level 3 in Evocations
 13139 | Lair:1   | Reached skill level 4 in Evocations
 13346 | Lair:1   | Reached skill level 5 in Evocations
 13479 | Lair:1   | Reached skill level 6 in Evocations
 13955 | Lair:2   | Reached skill level 7 in Evocations
 14792 | Lair:3   | Reached skill level 8 in Evocations
 14920 | Lair:3   | Reached skill level 2 in Shields
 15003 | Lair:3   | Reached skill level 3 in Shields
 15171 | Lair:3   | Reached skill level 4 in Shields
 15171 | Lair:3   | Reached XP level 13. HP: 56/101 MP: 28/28
 15438 | Lair:3   | Reached skill level 5 in Shields
 15474 | Lair:3   | Got a heavily runed scale mail
 15489 | Lair:3   | Identified the cursed -3 scale mail "Jeuk" {Int+5} (You found it on level 3 of the Lair of Beasts)
 15699 | Lair:3   | Reached skill level 4 in Dodging
 15835 | Lair:3   | Reached skill level 5 in Dodging
 15877 | Lair:3   | Reached skill level 6 in Dodging
 16508 | Lair:4   | Reached skill level 7 in Dodging
 16901 | Lair:4   | You fall through a shaft!
 17046 | Lair:5   | Reached skill level 8 in Dodging
 17120 | Lair:5   | Found a staircase to the Swamp.
 17386 | Lair:5   | Reached skill level 9 in Dodging
 17739 | Lair:5   | Noticed Erica
 17740 | Lair:5   | Banished Erica
 18343 | Lair:4   | Found a hole to the Spider Nest.
 18483 | Lair:4   | Reached skill level 10 in Fighting
 18877 | Lair:6   | Corrupted Lair:6
 18877 | Lair:6   | Noticed a green death
 18877 | Lair:6   | Noticed a starcursed mass
 18884 | Lair:6   | Reached XP level 14. HP: 87/111 MP: 22/29
 18889 | Lair:6   | Killed a starcursed mass
 18926 | Lair:6   | Killed a green death
 19338 | Lair:6   | Got a crude cloak
 19358 | Lair:6   | Identified the +1 cloak "Taheirch" {Int+1} (You found it on level 6 of the Lair of Beasts)
 19521 | Lair:6   | Reached skill level 11 in Fighting
 19574 | Lair:7   | Found a staircase to the Slime Pits.
 19940 | Lair:7   | Reached skill level 12 in Fighting
 20476 | Lair:7   | Reached skill level 11 in Invocations
 20876 | Lair:8   | Entered Level 8 of the Lair of Beasts
 21193 | Lair:8   | Reached skill level 12 in Invocations
 21741 | Lair:8   | Noticed Harold
 21786 | Lair:8   | Killed Harold
 21891 | Lair:8   | Reached skill level 10 in Armour
 21978 | Lair:8   | Reached XP level 15. HP: 111/120 MP: 31/31
 22306 | Lair:8   | Reached skill level 10 in Dodging
 22657 | Lair:8   | Reached skill level 11 in Armour
 23550 | Orc:1    | Entered Level 1 of the Orcish Mines
 23550 | Orc:1    | Noticed Blork the orc
 23560 | Orc:1    | Killed Blork the orc
 23679 | Orc:1    | Reached skill level 11 in Dodging
 24249 | Orc:3    | Noticed Joseph
 24263 | Orc:3    | Killed Joseph
 24359 | Orc:3    | Found a roughly hewn altar of Beogh.
 24522 | Orc:3    | Found a staircase to the Elven Halls.
 24748 | Orc:3    | Reached skill level 12 in Armour
 25069 | Orc:1    | Noticed Snorg
 25082 | Orc:1    | Banished Snorg
 25120 | Orc:1    | Reached skill level 7 in Axes
 25195 | Orc:1    | Noticed Eustachio
 25212 | Orc:1    | Killed Eustachio
 25761 | Orc:4    | Entered Level 4 of the Orcish Mines
 25761 | Orc:4    | Found a roughly hewn altar of Beogh.
 25868 | Orc:4    | Noticed an orc warlord
 26032 | Orc:4    | Banished an orc warlord
 26400 | Orc:4    | Noticed Donald
 26445 | Orc:4    | Killed Donald
 26445 | Orc:4    | Reached skill level 13 in Invocations
 26740 | Orc:4    | Found Chyrgh's Weapon Shoppe.
 26740 | Orc:4    | Found Akkaok's Armour Boutique.
 26746 | Orc:4    | Found Grojecaro's Distillery.
 26748 | Orc:4    | Found Gaanet's Antique Weapon Shop.
 26756 | Orc:4    | Bought a +0 pair of gloves of strength for 161 gold pieces
 26770 | Orc:4    | Bought a potion of might for 72 gold pieces
 26770 | Orc:4    | Bought a potion of might for 72 gold pieces
 27086 | Orc:4    | Found a roughly hewn altar of Beogh.
 27086 | Orc:4    | Noticed Nergalle
 27095 | Orc:4    | Killed Nergalle
 27473 | D:11     | Noticed Urug
 27491 | D:11     | Killed Urug
 27491 | D:11     | Reached skill level 6 in Shields
 27508 | D:11     | Reached XP level 16. HP: 123/127 MP: 32/32
 27658 | D:11     | You fall through a shaft!
 27716 | D:12     | Found a sacrificial altar of Ru.
 28448 | D:12     | Reached skill level 7 in Shields
 28555 | D:12     | Noticed dysrexia's ghost (powerful DECj)
 28581 | D:12     | Killed dysrexia's ghost
 29422 | D:13     | Reached skill level 12 in Maces & Flails
 30114 | D:13     | Reached skill level 13 in Maces & Flails
 30389 | D:13     | Learned a level 2 spell: Repel Missiles
 30392 | D:13     | Learned a level 2 spell: Swiftness
 30591 | D:13     | Reached skill level 1 in Charms
 30596 | D:13     | Reached skill level 1 in Spellcasting
 30596 | D:13     | Reached skill level 1 in Air Magic
 30609 | D:13     | Reached skill level 2 in Spellcasting
 30609 | D:13     | Reached skill level 2 in Charms
 30934 | D:14     | Found a gate to the Vaults.
 30934 | D:14     | Noticed Rupert
 30934 | D:14     | Noticed Norris
 31074 | D:14     | Reached skill level 2 in Air Magic
 31207 | D:14     | Found Igra Suo's Armour Boutique.
 31261 | D:14     | Reached skill level 3 in Spellcasting
 31261 | D:14     | Reached skill level 3 in Charms
 31360 | D:14     | Noticed Kirke
 31403 | D:14     | Banished Kirke
 31591 | D:14     | Reached skill level 3 in Air Magic
 31603 | D:14     | Noticed Frances
 31603 | D:14     | Banished Frances
 31673 | D:14     | Banished Rupert
 31673 | D:14     | Reached skill level 4 in Charms
 31707 | D:14     | Reached XP level 17. HP: 80/133 MP: 31/33
 31811 | D:14     | Noticed Josephine
 31875 | D:14     | Killed Josephine
 31875 | D:14     | Reached skill level 4 in Air Magic
 32087 | D:14     | Killed Norris
 32383 | D:15     | Entered Level 15 of the Dungeon
 32491 | D:15     | Reached skill level 14 in Maces & Flails
 32584 | D:15     | Found Kidauch's Antique Armour Boutique.
 33593 | D:15     | Found a staircase to the Depths.
 33664 | D:15     | Found Ujoihav's Elemental Accessories.
 33684 | D:15     | Reached skill level 15 in Maces & Flails
 34014 | Swamp:1  | Entered Level 1 of the Swamp
 35145 | Swamp:2  | Reached skill level 8 in Shields
 35437 | Swamp:2  | Reached skill level 9 in Shields
 35943 | Elf:1    | Entered Level 1 of the Elven Halls
 35966 | Elf:1    | Found a radiant altar of Vehumet.
 36109 | Elf:1    | Reached skill level 10 in Shields
 36389 | Elf:1    | Reached XP level 18. HP: 101/140 MP: 34/34
 36409 | Elf:1    | Identified the Reference Book on Unholy Arts
 36980 | Elf:1    | Reached skill level 11 in Shields
 37231 | Elf:2    | Noticed Jorgrun
 37257 | Elf:2    | Killed Jorgrun
 37589 | Elf:2    | Reached skill level 12 in Shields
 37650 | Elf:2    | Found a burning altar of Makhleb.
 37736 | Elf:2    | Found a huge runed gate.
 37736 | Elf:2    | Noticed Azrael
 37737 | Elf:2    | Found a huge runed gate.
 37737 | Elf:2    | Found a huge runed gate.
 37779 | Elf:2    | Killed Azrael
 37873 | Elf:2    | Found a huge runed gate.
 37873 | Elf:2    | Found a huge runed gate.
 38441 | Elf:2    | Noticed Louise
 38449 | Elf:2    | Banished Louise
 38449 | Elf:2    | Reached skill level 13 in Shields
 38993 | Elf:2    | Reached skill level 14 in Shields
 39454 | Elf:3    | Entered Level 3 of the Elven Halls
 39694 | Elf:3    | Reached skill level 15 in Shields
 40190 | Elf:3    | Reached skill level 8 in Axes
 40244 | Elf:3    | Reached skill level 9 in Axes
 40244 | Elf:3    | Reached XP level 19. HP: 139/146 MP: 35/35
 40302 | Elf:3    | Killed from afar by an Ice Fiend

Vanquished Creatures
  Norris (D:14)
  A deep elf master archer (Elf:3)
  A deep elf blademaster (Elf:2)
  Donald (Orc:4)
  2 deep elf sorcerers (Elf:3)
  The ghost of dysrexia the Devastator, a powerful DECj of Vehumet (D:12)
  Gastronok (D:9)
  Jorgrun (Elf:2)
  Azrael (Elf:2)
  2 deep elf annihilators (Elf:3)
  A deep elf demonologist (Elf:3)
  3 deep elf death magi
  Josephine (D:14)
  Harold (Lair:8)
  4 alligators
  2 hydras
  6 centaur warriors
  13 dancing weapons (Elf:2)
  The ghost of EdwardR the Cleaver, an experienced MiFi of Ru (D:9)
  24 death yaks
  Urug (D:11)
  Nergalle (Orc:4)
  17 deep elf knights
  A spriggan (Swamp:2)
  3 catoblepae (Lair:8)
  4 unseen horrors
  A shambling mangrove (Swamp:2)
  7 deep elf summoners
  4 harpies (D:14)
  8 hill giants
  Pikel (D:8)
  12 deep elf conjurers
  14 ugly things
  3 hornets
  4 orc knights
  3 necromancers (Elf:1)
  3 griffons
  3 manticores
  2 oklob plants
  A water nymph (shapeshifter) (Elf:2)
  A salamander (Lair:8)
  3 large abominations (Elf:1)
  A salamander (shapeshifter) (D:15)
  31 elephants
  4 cyclopes
  An elephant (shapeshifter) (Elf:2)
  Maurice (D:8)
  Joseph (Orc:3)
  An orc sorcerer (Orc:3)
  5 black mambas
  3 gargoyles
  12 spiny frogs
  A freezing wraith (D:15)
  11 komodo dragons
  A demonic crawler (Elf:2)
  7 trolls
  The ghost of EdwardR the Covered, an average MiFi of Ru (D:5)
  2 fire drakes
  9 deep elf priests
  A jumping spider (shapeshifter) (D:15)
  A harpy zombie (D:14)
  Sonja (D:10)
  A queen bee (shapeshifter) (D:15)
  19 blink frogs
  A giant leech (Swamp:1)
  A blue devil (Elf:3)
  A harpy skeleton (D:15)
  2 hornet zombies (D:14)
  A boulder beetle (Lair:8)
  4 basilisks
  2 trapdoor spider zombies
  4 ravens
  14 slime creatures
  A wyvern (shapeshifter) (D:13)
  A centaur simulacrum (D:14)
  19 humans
  2 redbacks (Elf:2)
  6 wraiths
  4 shadows
  65 yaks
  25 deep elf magi
  A tarantella (Elf:2)
  A wyvern (D:8)
  Eustachio (Orc:1)
  9 vampire mosquitoes
  20 deep elf fighters
  A hungry ghost (D:14)
  3 fire elementals
  3 wolves (Lair:2)
  9 hogs
  17 hippogriffs
  3 insubstantial wisps (Swamp:1)
  5 swamp worms
  4 porcupines
  A mottled dragon (D:10)
  A warg (Orc:4)
  18 water moccasins
  2 hell hounds (Elf:2)
  A soldier ant (D:12)
  A soldier ant (shapeshifter) (Elf:1)
  2 swamp drakes
  51 orc warriors
  A black bear (Lair:4)
  6 sky beasts
  3 slaves (D:8)
  2 wasps
  A spider (Lair:4)
  3 boggarts (D:15)
  4 ice beasts
  12 ogres
  3 phantoms
  2 necrophages
  15 crocodiles
  An eye of draining (D:11)
  22 centaurs
  4 big kobolds
  3 elf zombies (Elf:1)
  A brain worm (Lair:6)
  19 giant frogs
  Blork the orc (Orc:1)
  6 scorpions
  9 killer bees
  An electric eel (Lair:2)
  2 goliath beetles
  3 wights (D:14)
  5 crimson imps
  3 centaur zombies
  4 giant frog zombies
  A wasp zombie (D:8)
  9 centaur skeletons
  2 giant frog skeletons
  13 hounds
  7 iguanas
  28 orc priests
  4 jellies
  33 orc wizards
  5 hell rats
  Natasha (D:5)
  12 worker ants
  A killer bee zombie (D:10)
  23 sheep
  Ijyb (D:2)
  A hound zombie (D:6)
  25 adders
  22 gnolls
  67 river rats
  4 shadow imps
  5 giant mites
  4 worms
  An adder zombie (D:8)
  An adder skeleton (D:5)
  6 giant geckos
  An ooze (D:6)
  186 orcs
  2 bat skeletons
  A bat zombie (D:5)
  6 giant cockroaches
  36 goblins
  43 hobgoblins
  5 jackals
  12 quokkas
  16 bats
  8 giant newts
  2 giant spores
  A goblin zombie (Orc:3)
  25 kobolds
  20 rats
  5 ballistomycetes
  A plant (Lair:8)
1369 creatures vanquished.

Vanquished Creatures (collateral kills)
  3 yaks (D:13)
3 creatures vanquished.

Vanquished Creatures (others)
  A deep elf master archer (Elf:3)
  2 orc warlords
  A green death (Lair:6)
  6 hydras
  5 death yaks
  2 thrashing horrors (Lair:6)
  An orc knight (Bailey)
  A harpy (D:14)
  A wolf spider (Lair:4)
  2 orc sorcerers (Orc:4)
  3 spiny frogs (Lair:6)
  A fire vortex (Lair:7)
  A water elemental (Elf:2)
  A small abomination (Lair:6)
  2 humans (D:13)
  A water moccasin (Lair:6)
  An orc warrior (Orc:4)
  A crocodile (Lair:6)
  2 giant frogs (Lair:6)
  A starcursed mass (Lair:6)
  A worker ant (D:12)
  7 ufetubi (Lair:6)
  An orc (D:8)
  A goblin (Orc:3)
  3 giant spores
  13 fungi
  4 plants (Lair:8)
66 creatures vanquished.

Grand Total: 1438 creatures vanquished
